 Dungeon Sprint DCSS version 0.21.1-1-g345015f (webtiles) character file.

29 Fang the Skirmisher (level 2, -1/31 HPs)
             Began as a Gargoyle Berserker on June 11, 2018.
             Was a Priest of Trog.
             Slain by a wraith (10 damage)
             ... in the Dungeon (Sprint VI: "Thunderdome").
             The game lasted 00:01:04 (202 turns).

Fang the Skirmisher (Gargoyle Berserker)             Turns: 202, Time: 00:01:05

Health: -1/31      AC:  5    Str: 25    XL:     2   Next: 79%
Magic:  2/2        EV: 12    Int:  7    God:    Trog [***...]
Gold:   250        SH:  0    Dex:  9    Spells: 1/1 levels left

rFire    . . .     SeeInvis .   a - +0 hand axe
rCold    . . .     Gourm    .   (no shield)
rNeg     + . .     Faith    .   b - +0 animal skin
rPois    ∞         Spirit   .   (no helmet)
rElec    +         Reflect  .   (no cloak)
rCorr    .         Harm     .   (no gloves)
MR       .....     NoTele   +   (no boots)
Stlth    ..........             (no amulet)
HPRegen  0.10/turn              (no ring)
MPRegen  0.08/turn              (no ring)

@: berserking, slowed
A: negative energy resistance 1, electricity resistance, unbreathing,
petrification resistance, rot immunity, AC +2
a: Berserk, Trog's Hand, Burn Spellbooks, Renounce Religion


You were in the Dungeon.
You worshipped Trog.
Trog was most pleased with you.
You were not hungry.

You visited 1 branch You collected 250 gold pieces.

Inventory:

Hand Weapons
 a - a +0 hand axe (weapon)
Armour
 b - a +0 animal skin (worn)
Wands
 k - a wand of acid (5)
 l - a wand of iceblast (5)
Scrolls
 i - 4 scrolls of blinking
 m - 3 scrolls of fog
Potions
 d - a potion of curing
 e - 3 potions of heal wounds
 f - 4 potions of haste
 g - 2 potions of magic
 h - a potion of berserk rage
 j - a potion of resistance
Comestibles
 c - a ration


   Skills:
 + Level 5.0 Fighting
 + Level 3.9 Axes
 + Level 2.6 Armour
 + Level 2.2 Dodging
 + Level 0.1 Stealth


You had one spell level left.
You didn't know any spells.

Dungeon Overview and Level Annotations

Branches:
Dungeon (1/1)

Altars:
Cheibriados
Dithmenos
Fedhas
Gozag
Kikubaaqudgha
Makhleb
Okawaru
Qazlal
Ru
Sif Muna
Trog
Uskayaw
Vehumet
Wu Jian
Xom
Yredelemnul
Zin
The Shining One
Beogh
Jiyva
Lugonu

Shops:
D *[%??*?*:[((!!!!


Innate Abilities, Weirdness & Mutations

You are resistant to torment.
Your stone body is resilient. (AC +2)
You are immune to poison.
You resist negative energy. (rN+)
You are resistant to electric shocks. (rElec)
You can survive without breathing.
You are immune to petrification.
You are immune to rotting.


Message History

You closely miss the wraith. The wraith hits you!
The wraith drains your vigour!
You feel yourself slow down.
You hit the wraith but do no damage. You barely miss the spectral jackal.
The spectral jackal closely misses you. The wight closely misses you.
The wraith hits you! The wraith drains your vigour!
You feel as though you will be slow longer.
You are too injured to fight recklessly!
You are too injured to fight recklessly!
You are too injured to fight recklessly!
Unknown command.
You are too injured to fight recklessly!
Unknown command.
You are too injured to fight recklessly!
You barely miss the spectral jackal. You hit the wight.
You closely miss the wraith. x2; The spectral jackal bites you.
The wight hits you with an enchanted long sword.
* * * LOW HITPOINT WARNING * * *
The wraith misses you. The spectral jackal barely misses you.
The wraith hits you!
You die...

##### ##§§⌠## #.....# ##.....##
##∩.....∩## #∩.......∩#
#.....z.._# #_...WZz._#
#_..z.@W..# ###.........###
#§)..........§#
######.8.........8.######
##∩___......###......___∩##
###∩........8.# #.8........∩###
#.......).....###.............##
⌠..........###...###..........⌠#
⌠..........# #.<.# #..........⌠#


You could see a spectral jackal, 2 wraiths and 3 wights.

Vanquished Creatures
  An adder (D)
  A dart slug (D)
  2 bat skeletons (D)
  A bat zombie (D)
  2 hobgoblins (D)
  A giant cockroach zombie (D)
  A jackal zombie (D)
9 creatures vanquished.

Notes
Turn   | Place    | Note
-------+----------+-------------------------------------------
     0 | D        | Fang the Gargoyle Berserker began the quest for the Orb.
     0 | D        | Reached XP level 1. HP: 14/14 MP: 1/1
     3 | D        | Found a glowing golden altar of the Shining One.
     4 | D        | Found a snail-covered altar of Cheibriados.
     4 | D        | Found a radiant altar of Vehumet.
     5 | D        | Found a roughly hewn altar of Beogh.
     5 | D        | Round 1.
     6 | D        | Found an iron altar of Okawaru.
     6 | D        | Found a basalt altar of Yredelemnul.
     6 | D        | Found Votutyok's Staff Store.
     6 | D        | Found Goaxu's Magic Scroll Shop.
     7 | D        | Found a stormy altar of Qazlal.
     7 | D        | Found Haonea's Must-Have Magic.
     7 | D        | Found Zuarres's Magic Scroll Shop.
    25 | D        | Found a hide-covered altar of Uskayaw.
    31 | D        | Found a blossoming altar of Fedhas.
    31 | D        | Found a shadowy altar of Dithmenos.
    31 | D        | Found Yhuar's Delicious Food.
    31 | D        | Found Uweku's Jewellery.
    32 | D        | Found Vesosh's Advanced Armour.
    33 | D        | Found a corrupted altar of Lugonu.
    33 | D        | Found an ornate altar of the Wu Jian Council.
    33 | D        | Found Goxicig's Identification Station.
    54 | D        | Found a sacrificial altar of Ru.
    56 | D        | Found a burning altar of Makhleb.
    56 | D        | Found a deep blue altar of Sif Muna.
    56 | D        | Found Tuathoa's Premium Goods.
    56 | D        | Found Xiamuobb's Miscellaneous Merchandise.
    57 | D        | Found Ajid Tita's Basic Armour.
    58 | D        | Found a bloodstained altar of Trog.
    58 | D        | Found an ancient bone altar of Kikubaaqudgha.
    58 | D        | Found a viscous altar of Jiyva.
    58 | D        | Found Ysam Neth's Weapon Rack.
    59 | D        | Reached ** piety under Trog
    59 | D        | Reached skill level 4 in Fighting
    67 | D        | HP: 1/22 [adder (2)]
    70 | D        | Reached XP level 2. HP: 2/20 MP: 2/2
    99 | D        | Found a glowing silver altar of Zin.
   108 | D        | Arena points: 5 (+5) [x1]
   123 | D        | Round 2.
   136 | D        | Reached skill level 5 in Fighting
   137 | D        | Reached *** piety under Trog
   164 | D        | Found a shimmering altar of Xom.
   165 | D        | Found an opulent altar of Gozag.
   166 | D        | Found Xipn's Do-It-Yourself Clinic.
   166 | D        | Found Eproliq's Distillery.
   167 | D        | Found Ufauhog's Bottled Wisdom.
   167 | D        | Found Harasuit's Distillery.
   178 | D        | Arena points: 29 (+24) [x2]
   193 | D        | Round 3.
   195 | D        | Noticed a wraith
   196 | D        | Noticed a wight
   196 | D        | Noticed a wraith
   196 | D        | Noticed a wight
   197 | D        | Noticed a wight
   202 | D        | Slain by a wraith

Skill      XL: |  1  2 |
---------------+-------+-----
Axes           | 3 |  3.9
Fighting       | 4 5 |  5.0
Dodging        | 2 |  2.2
Armour         | |  2.6
Stealth        | |  0.1

Action                   || total
-------------------------++-------
Melee: Hand axe          ||    34
Invok: Berserk           ||     2
  Use: Potion            ||     1
Armor: Animal skin       ||    14
Dodge: Dodged            ||    30
